Unix NetHack Version 5.0.0-0 post-release - last build May 23 2026 06:08:33 (1c0ff79ee797540d5714e4e18072db0edd9e58ae,branch:main).

Game began 2026-05-29 00:51:46, ended 2026-05-29 01:19:39.

FalseGod, neutral female human Tourist

                                                              ---------
                                                            ##........|
                                                            # |....{..|
                                                          ### |.......|
                                                          #   -------.-
                                                          #          #
                                                          #          ##
                                                          #           #
                                                   --.--- #           #
                                                   -....| #          #######
                                                   |....|###      ----.----|-
                                                   |.....#)       |.........|
                                                   |....|#        |.........|
                                                   |....|#        |......Z..|
                                                   |<`..r####r@###|.........|
                                                  #------#       #..........|
                                                  `#######        -----------

FalseGod the Sightseer      St:9 Dx:11 Co:16 In:12 Wi:10 Ch:18  Neutral
Dlvl:7  $:679 HP:0(38) Pw:23(23) AC:7  Xp:5 T:1541 

Latest messages:
 In what direction? u
 You kill the wererat!
 The rabid rat bites!
 The sewer rat bites!
 The sewer rat misses!
 In what direction? j
 The dart hits the sewer rat.
 The sewer rat bites!
 The rabid rat bites!
 The sewer rat bites!
 The sewer rat bites!
 It misses the rabid rat.
 What do you want to drink? [oqu or ?*] ?
 You feel better.
 The sewer rat bites!
 The rabid rat bites!
 The sewer rat bites!
 The sewer rat bites!
 It misses the rabid rat.
 In what direction? j
 The dart misses the sewer rat.
 The sewer rat just misses!
 The rabid rat bites!
 The sewer rat bites!
 The sewer rat misses!
 It bites the rabid rat.
 It misses the rabid rat.
 In what direction? j
 You kill the sewer rat!
 The sewer rat misses!
 The rabid rat bites!
 The sewer rat bites!
 It misses the rabid rat.
 You see here 2 +2 darts.
 a - 2 +2 darts (at the ready) (3 in total).
 The sewer rat misses!
 In what direction? <esc>
 It misses the sewer rat.
 It bites the sewer rat.
 The sewer rat misses it.
 It misses the sewer rat.
 In what direction? h
 The dart misses the rabid rat.
 The rabid rat bites!
 You die...
 Do you want your possessions identified? [ynq] (y) n
 Do you want to see your attributes? [ynq] (y) n
 Do you want an account of creatures vanquished? [ynaq] (y) n
 Do you want to see your conduct and achievements? [ynq] (y) n
 Do you want to see the dungeon overview? [ynq] (y) n

Inventory:
 Coins    ('$')
  $ - 679 gold pieces
 Weapons  (')')
  a - 2 +2 darts (at the ready)
 Armor    ('[')
  r - an uncursed +0 orcish helm (being worn)
  E - a cursed rustproof +0 pair of iron shoes
  F - an uncursed +0 Uruk-hai shield (being worn)
  x - an uncursed +0 dwarvish cloak (being worn)
  k - an uncursed +0 Hawaiian shirt with a giant eel motif (being worn)
  H - an uncursed +0 leather jacket (being worn)
 Comestibles  ('%')
  g - 2 uncursed cloves of garlic
  d - 4 uncursed food rations
  h - 2 uncursed lembas wafers
  f - an uncursed orange
  c - 2 uncursed tripe rations
  e - 2 uncursed tins of spinach
  b - 2 uncursed eggs
  K - an uncursed lizard corpse
 Scrolls  ('?')
  C - a blessed scroll of blank paper
  A - 2 uncursed scrolls of blank paper
  B - a cursed scroll of blank paper
  t - an uncursed scroll of teleportation
 Potions  ('!')
  q - an uncursed potion of gain ability
  o - a blessed potion of see invisible
 Wands    ('/')
  I - a wand of cancellation (0:5)
 Tools    ('(')
  M - an uncursed bag of holding containing 1 item
  G - a bag of tricks (0:11)
  l - an expensive camera (0:79)
  p - an uncursed lock pick

Contents of the bag of holding:
  an uncursed scroll of taming

FalseGod the Tourist's attributes:

Background:
 You were a Sightseer, a level 5 female human Tourist.
 You were neutral, on a mission for The Lady
 who was opposed by Blind Io (lawful) and Offler (chaotic).
 You were right-handed.
 You were in the Dungeons of Doom, on level 7.
 You entered the dungeon 1541 turns ago.
 It was nighttime.
 You had 315 experience points, 5 more were needed to attain level 6.

Basics:
 You had 0 out of 38 hit points.
 You had all 23 energy points (spell power).
 Your armor class was 7.
 Your wallet contained 679 zorkmids.
 Autopickup was off.

Final Characteristics:
 Your strength was 9 (limit:18/100).
 Your dexterity was 11 (limit:18).
 Your constitution was 16 (limit:18).
 Your intelligence was 12 (limit:18).
 Your wisdom was 10 (limit:18).
 Your charisma was 18 (limit:18).

Final Status:
 You weren't hungry.
 You were unencumbered.
 You were bare handed.
 You were unskilled in bare handed combat.

Final Attributes:
 You were devoutly aligned.
 Your items were somewhat protected from fire.
 Your items were somewhat protected from cold.
 You were warded.
 You are dead.

Miscellaneous:
 You encountered 1 bones level.
 Total elapsed playing time was 27 minutes and 48 seconds.

Major events:
 Turn
    1: FalseGod the neutral female human Tourist entered the dungeon
  618: attained the rank of Sightseer (level 3)
  895: consulted the Oracle
 1541: killed by a rabid rat

You didn't know any spells.

Skills:
 Fighting Skills
   bare handed combat [Unskilled]
   two weapon combat  [Unskilled]
   riding             [Unskilled]
 Weapon Skills
   dagger             [Unskilled]
   knife              [Unskilled]
   axe                [Unskilled]
   pick-axe           [Unskilled]
   short sword        [Unskilled]
   broadsword         [Unskilled]
   long sword         [Unskilled]
   two-handed sword   [Unskilled]
   saber              [Unskilled]
   mace               [Unskilled]
   morning star       [Unskilled]
   flail              [Unskilled]
   hammer             [Unskilled]
   quarterstaff       [Unskilled]
   polearms           [Unskilled]
   spear              [Unskilled]
   trident            [Unskilled]
   lance              [Unskilled]
   bow                [Unskilled]
   sling              [Unskilled]
   crossbow           [Unskilled]
   dart               [Basic]
   shuriken           [Unskilled]
   boomerang          [Unskilled]
   whip               [Unskilled]
   unicorn horn       [Unskilled]
 Spellcasting Skills
   divination spells  [Unskilled]
   enchantment spells [Unskilled]
   escape spells      [Unskilled]

Voluntary challenges:
 Character rerolling was not enabled.
 You never hit with a wielded weapon.
 You never genocided any monsters.
 You never polymorphed an object.
 You never changed form.
 You used no wishes.
Achievements:
 You attained the rank of Sightseer.
 You consulted the Oracle of Delphi.

 The Dungeons of Doom: levels 1 to 7
    Level 1:
       A sink.
    Level 2:
       A fountain, a sink.
    Level 3:
    Level 4:
       Final resting place for
          Nestorix-Tou-Hum-Fem-Neu, killed by a gnome.
    Level 6:
       Many fountains.
       Oracle of Delphi.
    Level 7: <- You were here.
       A fountain.
       Final resting place for
          you, killed by a rabid rat.


Vanquished creatures:
  a lizard
  a dog
  a housecat
  2 human zombies
  a bugbear
  2 Uruk-hai
  a fog cloud
  a gnome leader
  a paper golem
  a rabid rat
  a wererat
 an iguana
  a killer bee
  2 hobbits
  a large kobold
  a giant rat
  a yellow mold
  a green mold
  2 red molds
  a gnome zombie
  a jackal
  a goblin
  5 sewer rats
  2 grid bugs
  5 lichens
  a kobold zombie
  4 newts
43 creatures vanquished.

No species were genocided or became extinct.

Game over:
                       ----------
                      /          \
                     /    REST    \
                    /      IN      \
                   /     PEACE      \
                  /                  \
                  |     FalseGod     |
                  |      679 Au      |
                  |   killed by a    |
                  |    rabid rat     |
                  |                  |
                  |                  |
                  |       2026       |
                 *|     *  *  *      | *
        _________)/\\_//(\/(/\)/\//\/|_)_______

Aloha FalseGod the Tourist...

You died in The Dungeons of Doom on dungeon level 7 with 1573 points,
and 679 pieces of gold, after 1541 moves.
You were level 5 with a maximum of 38 hit points when you died.

